Map: Romanticide LE

Players

ByuN - Winner!

  • Race: Terran Terran
  • Spawn Location: 11:00

Serral

  • Race: Zerg Zerg
  • Spawn Location: 5:00

Event: ASUS ROG Online 2020

VOD

Have the link to the VOD?

Description

Time

  • Played on: Nov. 29, 2020, 11:27 a.m.
  • Length: 41:33

All games in this series

Show
View Real Time Build Order
Export as new Build Order

ByuN Terran - Winner!

Build Orders: Hellion Opening 

Get SALT Encoding   

  12  0:00  SCV  
  13  0:12  SCV  
  14  0:17  Supply Depot  
  14  0:24  SCV  
  15  0:38  SCV  
  15  0:40  Barracks  
  15  0:42  Refinery  
  16  0:50  SCV  
  17  1:03  SCV  
  18  1:15  SCV  
  19  1:26  Marine  
  19  1:27  Orbital Command  
  20  1:37  Command Center  
  20  1:48  Factory  
  20  1:52  SCV  
  21  1:57  Refinery  
  21  2:01  Barracks Reactor  
  21  2:04  SCV  
  22  2:10  Supply Depot  
  22  2:16  SCV  
  23  2:32  SCV  
  23  2:33  Starport  
  24  2:43  Hellion x2  
  24  2:44  SCV, Marine  
  29  2:50  Orbital Command  
  30  2:56  SCV  
  31  3:08  Hellion x2  
  31  3:12  Fusion Core  
  35  3:16  SCV x2  
  37  3:23  Starport Tech Lab  
  37  3:24  Supply Depot  
  37  3:28  SCV  
  37  3:29  Marine  
  41  3:40  Hellion  
  41  3:41  Hellion, SCV x2  
  43  3:46  Supply Depot  
  45  3:53  SCV  
  45  3:54  SCV  
  47  4:04  Battlecruiser  
  47  4:07  SCV  
  47  4:08  SCV  
  55  4:15  Supply Depot  
  55  4:16  Hellion  
  57  4:19  Hellion  
  59  4:24  SCV x2  
  61  4:35  Barracks Tech Lab  
  61  4:39  Command Center, SCV x2  
  63  4:51  SCV x2  
  63  4:52  Factory Reactor  
  65  4:57  Barracks, Marine  
  65  4:58  Barracks  
  66  5:03  Supply Depot  
  66  5:04  Engineering Bay  
  66  5:06  Engineering Bay  
  66  5:08  Stimpack  
  66  5:10  SCV x2  
  68  5:15  Marine  
  69  5:21  Refinery  
  69  5:22  Refinery, SCV  
  69  5:25  SCV  
  69  5:26  Supply Depot  
  71  5:33  Marine  
  71  5:34  SCV  
  73  5:37  SCV  
  73  5:40  Terran Infantry Armor Level 1, Terran Infantry Weapons Level 1  
  74  5:43  Starport Reactor  
  74  5:45  Marine x2  
  74  5:46  SCV  
  74  5:49  Barracks Reactor  
  77  5:50  Marine  
  77  5:51  Orbital Command  
  78  6:01  Factory Reactor  
  78  6:02  Marine x2  
  78  6:03  Marine x2  
  80  6:08  Marine  
  81  6:12  Supply Depot  
  81  6:16  SCV x2  
  81  6:18  Orbital Command  
  83  6:20  Marine x3  
  83  6:21  Marine  
  83  6:24  Barracks  
  87  6:26  Barracks, Marine  
  87  6:28  SCV x2  
  87  6:31  Supply Depot  
  87  6:32  Armory  
  90  6:37  Marine  
  90  6:38  Marine x3  
  90  6:39  Medivac  
  96  6:40  Medivac, SCV x2  
  96  6:45  SCV  
  101  6:52  SCV x2  
  103  6:57  SCV, Marine x3  
  103  6:58  Combat Shield, Supply Depot  
  107  7:04  SCV x2  
  107  7:07  Supply Depot  
  109  7:10  SCV  
  109  7:12  Medivac x2  
  114  7:16  Barracks Reactor x2, SCV x2  
  114  7:20  Supply Depot  
  114  7:22  Supply Depot, SCV  
  117  7:28  SCV x2  
  119  7:34  SCV  
  120  7:39  Marine x4  
  120  7:40  SCV, Marine  
  120  7:42  Widow Mine x2  
  120  7:44  SCV  
  131  7:46  Terran Infantry Armor Level 2, SCV  
  131  7:47  Missile Turret  
  131  7:51  Supply Depot, Refinery  
  132  7:52  SCV  
  132  7:54  Terran Infantry Weapons Level 2  
  132  7:57  Marine x2  
  135  7:59  Marine x3  
  135  8:03  Widow Mine x2  
  135  8:04  Missile Turret, Marine  
  135  8:09  Marine x2  
  123  8:15  SCV  
  123  8:16  SCV  
  123  8:17  Marine x2  
  123  8:18  Marine x3  
  118  8:20  SCV  
  118  8:25  Widow Mine  
  121  8:29  SCV x2  
  121  8:33  Missile Turret  
  125  8:34  Widow Mine  
  125  8:37  SCV  
  125  8:41  SCV  
  127  8:43  Factory  
  127  8:46  Widow Mine  
  127  8:47  Marine  
  127  8:48  Marine x5  
  132  8:50  Marine  
  132  8:55  Marauder  
  138  9:00  Terran Vehicle And Ship Armor Level 1  
  138  9:03  Marine  
  138  9:05  Marine x2  
  138  9:06  Marine x4  
  145  9:17  Marine x2  
  145  9:21  Marine  
  145  9:26  Command Center, Widow Mine, Marine  
  145  9:29  Medivac x2, Marine x4  
  145  9:30  Marine  
  148  9:34  Widow Mine  
  152  9:41  Marine x3  
  152  9:44  Factory Tech Lab  
  151  9:51  Marine x5  
  156  9:54  Marine  
  157  10:03  Thor, Drilling Claws  
  157  10:04  Marauder  
  165  10:07  Terran Infantry Armor Level 3  
  165  10:15  Marine  
  156  10:22  Widow Mine x2  
  156  10:24  Marine x5  
  156  10:25  Marine  
  165  10:31  Supply Depot x2  
  165  10:32  Supply Depot  
  165  10:35  Terran Infantry Weapons Level 3  
  165  10:37  Marine  
  165  10:38  Marauder  
  165  10:40  Concussive Shells  
  168  10:46  Widow Mine x2, Marine  
  168  10:47  Marine x6  
  179  10:55  Barracks, Marine  
  179  10:56  Barracks  
  180  10:57  Barracks  
  180  10:59  Missile Turret  
  180  11:02  SCV x2  
  180  11:03  SCV  
  181  11:07  Marine x3  
  181  11:08  Marine  
  183  11:11  Planetary Fortress  
  183  11:16  Marauder  
  183  11:18  Marine x2  
  185  11:19  Marine  
  185  11:25  Marine x3  
  188  11:26  Marine  
  188  11:31  Missile Turret  
  184  11:37  Marauder  
  178  11:41  Marine  
  178  11:43  Marine  
  178  11:44  Marine x3  
  178  11:45  Widow Mine x2  
  187  11:47  Missile Turret, Medivac x2  
  191  11:55  Missile Turret, SCV x3  
  191  11:57  Thor, Missile Turret  
  200  12:03  Marine x2  
  200  12:04  Barracks Tech Lab x2  
  200  12:10  Command Center  
  200  12:27  Terran Vehicle And Ship Armor Level 2  
  200  12:28  Marauder x2  
  198  12:42  Marauder  
  200  12:51  Marauder  
  199  12:55  Missile Turret x2  
  199  12:58  Command Center  
  199  12:59  Marauder  
  199  13:00  Marauder, Marine x2  
  199  13:03  Command Center  
  187  13:07  Medivac x2  
  187  13:08  Widow Mine  
  187  13:10  Marauder  
  187  13:11  Widow Mine x2, Marine x2  
  187  13:12  Marauder  
  185  13:17  Marine x4  
  189  13:22  Supply Depot, Marauder x2  
  189  13:23  Supply Depot  
  193  13:30  Widow Mine  
  193  13:31  Marauder  
  193  13:33  Widow Mine  
  199  13:35  Missile Turret  
  199  13:36  Missile Turret  
  198  13:42  Widow Mine  
  198  13:46  Missile Turret  
  199  13:50  Marauder x2  
  194  13:56  Marauder  
  194  13:57  Marauder  
  194  13:58  Marine x5  
  200  14:06  Widow Mine  
  187  14:12  Marauder x2, Marine  
  187  14:17  Widow Mine x2  
  193  14:18  Command Center, Marauder x2  
  171  14:28  Widow Mine  
  171  14:29  Marine x2  
  171  14:31  Marine x2  
  155  14:33  Orbital Command, Marauder x2  
  155  14:36  Marine  
  155  14:38  Widow Mine x2  
  165  14:39  Marauder x2  
  165  14:45  Marine x2  
  141  14:46  Marine  
  141  14:49  Widow Mine  
  141  14:52  Marine x3  
  136  14:54  Marauder  
  136  14:58  Planetary Fortress  
  136  14:59  Thor, Widow Mine  
  140  15:00  Marine  
  140  15:01  Marine  
  140  15:05  Marine x3  
  143  15:11  Widow Mine  
  145  15:21  Widow Mine  
  147  15:22  Marauder x2  
  147  15:23  Marauder  
  147  15:24  Medivac x2  
  147  15:25  Marine  
  147  15:26  Marine x6  
  164  15:32  Widow Mine  
  164  15:33  Missile Turret  
  166  15:41  Missile Turret  
  166  15:42  Widow Mine  
  170  15:44  Missile Turret  
  170  15:47  Marine x6  
  170  15:49  Thor  
  174  15:50  Marauder  
  174  15:51  Marine  
  174  15:52  Marine x4  
  174  15:53  Widow Mine  
  186  15:59  Medivac  
  186  16:00  Medivac  
  186  16:03  Widow Mine  
  192  16:05  Marine x6  
  192  16:08  Marine  
  192  16:10  Marauder, Marine  
  200  16:15  Widow Mine  
  200  16:16  Marine x3  
  199  16:22  Marine  
  199  16:23  Marine  
  200  16:28  Marine  
  200  16:31  Medivac x2  
  200  16:32  Marauder  
  194  16:35  Marauder  
  194  16:36  Widow Mine x2  
  200  16:41  Marine  
  157  16:47  Marine  
  157  16:48  Marine x5  
  157  16:50  Widow Mine  
  157  16:51  Marauder x2, Marine  
  157  16:53  Marine  
  164  16:54  Orbital Command  
  164  16:55  Marine  
  164  16:57  Widow Mine x2  
  164  16:59  Marine  
  164  17:01  Medivac x2  
  170  17:05  Marine  
  170  17:06  Marine x3  
  178  17:09  Marine x3  
  178  17:11  Marauder, Widow Mine  
  178  17:12  Marauder  
  178  17:13  Marauder  
  178  17:14  Marauder  
  191  17:17  Marine  
  191  17:19  Widow Mine x2  
  194  17:27  Marine  
  194  17:28  Marine  
  194  17:29  Marine x2  
  179  17:31  Medivac x2  
  179  17:32  Marauder, Widow Mine  
  179  17:34  Marauder x2, Marine x3  
  179  17:35  Marauder  
  186  17:37  Marine  
  186  17:40  Widow Mine, Hellbat  
  189  17:48  Marine  
  189  17:50  Marine  
  190  17:54  Marauder, Widow Mine  
  190  17:55  Marauder x2  
  190  17:56  Marauder  
  183  18:01  Medivac, Widow Mine  
  183  18:02  Widow Mine  
  183  18:05  Missile Turret  
  185  18:10  Marine  
  185  18:11  Marine x3  
  189  18:15  Marauder, Widow Mine  
  189  18:17  Marauder x2  
  197  18:23  Marauder  
  197  18:24  Marine  
  197  18:44  Missile Turret  
  197  18:45  Marine  
  197  18:46  Missile Turret, Widow Mine  
  197  18:47  Missile Turret  
  198  18:50  Missile Turret  
  198  18:51  Widow Mine x2  
  198  18:53  Marine x3  
  200  19:02  Marauder x2  
  196  19:05  Marine x2  
  196  19:07  Marauder x2  
  196  19:08  Widow Mine  
  192  19:10  Marine  
  192  19:12  Widow Mine  
  194  19:21  Marine x2  
  194  19:22  Widow Mine  
  194  19:23  Marauder x2  
  186  19:26  Marine  
  186  19:27  Marine  
  186  19:28  Marauder x2, Marine x2  
  186  19:29  Widow Mine  
  186  19:30  SCV x3  
  193  19:32  SCV  
  193  19:34  Widow Mine  
  196  19:39  Marine x2  
  196  19:42  SCV  
  196  19:44  Marauder, Widow Mine  
  195  19:49  Marauder  
  195  19:50  Marauder x2  
  195  19:51  Widow Mine  
  186  19:54  Marine  
  186  19:55  Widow Mine  
  186  19:58  Marine  
  186  19:59  Marine  
  190  20:05  Widow Mine  
  190  20:06  Marauder  
  173  20:07  Marine x5  
  173  20:10  Marauder  
  173  20:11  Marauder x2, Marine  
  173  20:12  Widow Mine  
  187  20:16  Marine x2  
  187  20:17  Widow Mine  
  184  20:25  Marine x5  
  184  20:26  Medivac x2, Widow Mine  
  184  20:27  Marauder  
  183  20:29  Marine  
  183  20:31  SCV  
  183  20:32  Marauder x3  
  183  20:33  Widow Mine, SCV  
  183  20:34  Marine x2  
  192  20:38  Widow Mine  
  192  20:39  SCV x2  
  192  20:42  Missile Turret  
  196  20:43  SCV, Marine x2  
  199  20:50  Marine  
  200  21:08  Command Center x2  
  198  21:19  Marauder  
  197  21:26  Marine x2  
  197  21:27  Widow Mine  
  197  21:30  Marine x2  
  197  21:31  Widow Mine x2, Marine x2  
  197  21:32  Marine x2  
  199  21:37  Marine x2  
  196  21:41  Marauder  
  196  21:42  Marauder  
  196  21:49  Widow Mine  
  196  21:52  Widow Mine  
  193  22:03  Marauder, Widow Mine  
  193  22:07  Marine x3  
  173  22:09  Marauder x3  
  173  22:10  Widow Mine  
  173  22:12  Marine x2  
  173  22:13  Marine x2  
  173  22:14  Widow Mine, Marine  
  173  22:15  Medivac x2  
  190  22:24  Marauder, Widow Mine, Marine  
  193  22:30  Marauder x2, Marine  
  193  22:31  Marauder  
  193  22:32  Widow Mine  
  193  22:33  Marine x2  
  193  22:35  Widow Mine  
  170  22:37  Marine x3  
  167  22:45  Thor  
  167  22:46  Marauder  
  167  22:49  Marine x3  
  171  22:53  Widow Mine, Marine x2  
  171  22:56  Widow Mine, Marine x3  
  171  22:58  Marine x3  
  165  23:03  Refinery  
  165  23:04  Refinery  
  195  23:05  Orbital Command  
  163  23:06  Marine  
  163  23:07  Marine x3  
  163  23:11  Marine x2  
  169  23:14  Marine x3  
  169  23:16  Marauder, Marine x2  
  169  23:18  Missile Turret  
  176  23:20  Missile Turret  
  176  23:24  Marine  
  176  23:25  Marine x3  
  179  23:29  Marine x2  
  179  23:32  Marine x3  
  182  23:34  Marauder x2  
  182  23:37  Missile Turret, Marine  
  187  23:41  Missile Turret  
  187  23:42  Marine x2  
  187  23:43  Marine x2  
  187  23:47  Marine x2  
  193  23:49  Marine  
  180  24:05  Marauder x2, Marine  
  136  24:10  Widow Mine x2  
  136  24:12  Marauder, Marine  
  136  24:13  Marauder, Marine x6  
  141  24:20  Widow Mine  
  141  24:22  Marine  
  144  24:28  Marauder  
  144  24:29  Orbital Command  
  148  24:31  Widow Mine  
  148  24:32  Widow Mine, Marine  
  147  24:49  Widow Mine  
  151  24:53  Widow Mine  
  151  24:57  Widow Mine  
  150  25:10  Widow Mine  
  144  25:14  Widow Mine  
  144  25:18  Widow Mine  
  144  25:20  Marauder x2  
  150  25:22  Marine x2  
  150  25:24  Planetary Fortress  
  147  25:31  Widow Mine  
  151  25:35  Widow Mine  
  151  25:37  Missile Turret  
  151  25:40  Missile Turret  
  151  25:42  Marauder x3, Marine x9  
  162  25:46  Medivac  
  167  25:53  Widow Mine x2  
  152  26:00  Widow Mine, Marine x9  
  152  26:02  Orbital Command  
  152  26:03  Marine x3  
  149  26:14  Widow Mine  
  149  26:17  Marine  
  149  26:18  Marauder, Marine x5  
  157  26:19  Widow Mine  
  157  26:20  Marine  
  157  26:21  Marauder x2, Marine x2  
  163  26:29  Refinery x2  
  163  26:32  Widow Mine  
  158  26:35  Marine x2  
  158  26:36  Marine  
  158  26:37  Widow Mine, Marine  
  158  26:39  Marauder, Marine  
  157  26:41  Marauder  
  157  26:43  Marine x4  
  161  26:48  Marine  
  161  26:53  Marine x2  
  158  26:54  Marine  
  158  26:59  Widow Mine  
  158  27:01  Marine  
  129  27:03  Marine  
  129  27:07  Marine  
  130  27:12  Marine  
  130  27:14  Marine x2  
  133  27:17  Widow Mine  
  133  27:22  SCV x2  
  137  27:28  Widow Mine  
  139  27:32  Widow Mine  
  140  28:06  Marauder x2, Marine  
  140  28:07  Marine x4  
  145  28:18  Liberator x2  
  151  28:23  Marauder x2  
  155  28:33  Marauder  
  157  28:47  Orbital Command  
  157  28:55  Marauder x4  
  165  29:01  Medivac, Marine x2  
  167  29:16  Marauder x2  
  171  29:22  Medivac  
  173  29:30  Marauder x2  
  173  29:31  Medivac  
  172  29:40  Marauder x2  
  172  29:51  Marauder  
  172  29:52  Medivac, Widow Mine x2  
  180  29:53  Widow Mine  
  182  30:01  Medivac  
  164  30:13  Widow Mine x2  
  168  30:15  Widow Mine, SCV x2  
  168  30:16  Marauder x4  
  180  30:21  Marine  
  180  30:22  Medivac, Marine x6  
  186  30:30  Medivac  
  186  30:34  SCV x2  
  186  30:35  Widow Mine x2  
  194  30:36  Widow Mine  
  196  30:56  Marauder, Widow Mine  
  200  31:17  Liberator  
  200  31:27  Command Center  
  200  31:31  Missile Turret  
  197  31:34  Sensor Tower  
  195  31:40  Widow Mine  
  195  31:45  Marauder x2  
  197  32:10  Ghost Academy, Refinery  
  197  32:12  Refinery  
  193  32:39  Ghost x3  
  198  32:44  Ghost  
  198  32:50  Planetary Fortress  
  200  32:54  Personal Cloaking  
  198  33:09  Ghost x3  
  196  33:15  Missile Turret  
  193  33:26  Ghost  
  195  33:37  Ghost  
  197  33:43  Ghost  
  197  33:47  Ghost  
  193  34:22  Missile Turret  
  191  34:24  Missile Turret  
  185  34:55  Ghost x2  
  185  34:56  Marauder x2  
  185  34:59  Liberator x2  
  196  35:28  Missile Turret  
  194  35:46  Enhanced Shockwaves  
  194  35:48  Missile Turret  
  194  35:50  Missile Turret  
  194  35:51  Missile Turret  
  194  36:06  Command Center  
  190  36:12  Ghost x2  
  176  37:02  Widow Mine x2  
  150  37:10  Marine  
  150  37:11  Marauder x2, Marine x4  
  125  37:15  Marauder x2  
  125  37:16  Marine  
  125  37:17  Marine x2  
  125  37:18  Widow Mine  
  96  37:28  Marine x5  
  91  37:32  Ghost x2  
  91  37:34  Marine  
  91  37:36  Ghost x2  
  95  38:00  Ghost x2  
  95  38:04  Ghost  
  95  38:05  Ghost  
  101  38:24  Marine  
  101  38:25  Marine x6  
  101  38:26  Marine  
  109  38:29  Ghost x2  
  109  38:33  Marine  
  112  38:35  Orbital Command  
  107  38:44  Marauder, Marine  
  107  38:45  Marine x2  
  107  38:47  Marine  
  113  38:52  Marauder  
  115  38:56  SCV  
  115  38:57  SCV  
  115  38:58  Marauder x2  
  115  39:00  SCV  
  122  39:05  Marauder  
  122  39:08  SCV  
  122  39:09  SCV  
  126  39:13  Marauder  
  126  39:16  SCV  
  125  39:21  SCV x2  
  127  39:24  Marauder  
  130  39:36  Widow Mine x2  
  136  39:40  Missile Turret  
  136  39:41  Marauder x2  
  136  39:45  Missile Turret  
  136  39:51  Marauder x2  
  136  39:52  Marine  
  141  39:53  Marine  
  142  40:03  Marauder  
  142  40:04  Marauder  
  146  40:12  Marauder x2  
  150  40:15  Marine x2  
  150  40:16  Marine x2  
  150  40:19  Thor  
  160  40:27  Sensor Tower  
  159  40:54  Marauder x3  
  164  41:03  Refinery  
  164  41:04  Marine x3  
  164  41:05  Marine x3  
Show
View Real Time Build Order
Export as new Build Order

Serral Zerg 

Build Orders: Hatch First, Muta Ling Bane 

Get SALT Encoding   

  12  0:00  Drone  
  13  0:12  Overlord  
  13  0:17  Drone  
  14  0:30  Drone  
  14  0:31  Drone  
  16  0:48  Hatchery  
  15  0:51  Drone  
  15  0:54  Drone  
  17  0:58  Drone  
  18  1:08  Extractor  
  17  1:13  Spawning Pool  
  17  1:16  Drone  
  17  1:19  Drone  
  18  1:27  Drone  
  19  1:38  Drone  
  20  1:49  Drone  
  21  1:59  Queen  
  21  2:00  Queen  
  25  2:01  Zergling x4  
  27  2:10  Overlord  
  27  2:11  Drone, Metabolic Boost  
  28  2:28  Hatchery  
  27  2:30  Drone  
  27  2:33  Drone  
  27  2:35  Drone  
  30  2:38  Drone  
  31  2:45  Queen  
  31  2:51  Overlord  
  33  2:55  Drone  
  33  2:56  Drone  
  33  2:58  Drone  
  36  3:09  Drone  
  36  3:10  Drone  
  36  3:11  Overlord, Drone x2  
  40  3:15  Drone  
  41  3:20  Drone  
  41  3:21  Queen  
  44  3:31  Drone x2, Baneling Nest  
  44  3:36  Drone  
  44  3:40  Zergling x4  
  49  3:43  Queen  
  49  3:45  Overlord  
  49  3:47  Drone x2  
  51  3:49  Drone  
  51  3:52  Overlord  
  51  3:54  Zergling x2  
  54  3:55  Zergling x2  
  54  4:00  Queen  
  56  4:03  Zergling x2  
  56  4:06  Overlord  
  56  4:08  Drone x2  
  59  4:10  Drone  
  59  4:14  Drone x3  
  63  4:21  Queen  
  63  4:22  Overlord  
  65  4:26  Lair  
  65  4:29  Baneling x3  
  65  4:31  Spore Crawler  
  65  4:32  Drone  
  65  4:33  Drone  
  65  4:35  Drone  
  65  4:37  Spore Crawler  
  64  4:39  Extractor  
  64  4:42  Drone  
  64  4:43  Drone x2  
  63  4:45  Drone  
  63  4:46  Drone  
  63  4:47  Drone  
  63  4:50  Spore Crawler  
  63  4:51  Drone  
  63  4:52  Drone  
  67  4:54  Drone  
  67  4:56  Drone  
  67  4:57  Drone  
  70  5:01  Zergling x4  
  70  5:02  Baneling  
  70  5:03  Drone x2  
  70  5:06  Overlord, Extractor  
  74  5:14  Zergling x4  
  74  5:16  Drone x2  
  74  5:18  Drone  
  74  5:19  Drone x2  
  79  5:23  Drone  
  79  5:27  Drone x3  
  82  5:35  Drone  
  82  5:36  Drone x3  
  82  5:38  Overseer  
  86  5:44  Queen  
  88  5:52  Extractor  
  88  5:54  Drone x3  
  88  5:55  Spire, Drone  
  88  5:56  Spore Crawler  
  89  5:57  Drone  
  89  5:59  Overlord  
  89  6:03  Overlord  
  90  6:08  Overlord  
  89  6:12  Overlord, Extractor  
  89  6:13  Extractor  
  87  6:22  Drone x3  
  87  6:25  Drone  
  91  6:27  Roach Warren  
  91  6:29  Drone, Evolution Chamber  
  91  6:30  Zergling x6  
  93  6:35  Zergling x10  
  98  6:41  Overlord  
  98  6:42  Hatchery  
  95  6:49  Drone  
  95  6:51  Overlord  
  96  6:58  Evolution Chamber  
  96  7:02  Overlord  
  96  7:05  Centrifical Hooks  
  96  7:07  Mutalisk x7  
  110  7:09  Zergling x12  
  110  7:14  Baneling x4  
  116  7:17  Zergling x6  
  116  7:20  Baneling  
  116  7:21  Baneling x2  
  116  7:22  Zergling x4  
  121  7:33  Overlord  
  121  7:34  Zergling x16  
  129  7:41  Zerg Ground Armor Level 1, Zerg Melee Weapons Level 1  
  129  7:44  Baneling x6  
  127  7:48  Zergling x2  
  128  7:53  Baneling  
  128  7:55  Baneling x2  
  128  7:59  Zergling x2  
  128  8:01  Overlord  
  128  8:03  Baneling x2  
  123  8:06  Zergling x28  
  127  8:13  Zergling x8  
  127  8:18  Mutalisk x2  
  134  8:21  Baneling x4  
  134  8:28  Mutalisk x3  
  136  8:39  Drone x9  
  145  8:41  Zerg Flyer Weapons Level 1  
  145  8:43  Pneumatized Carapace  
  145  8:44  Overseer  
  145  8:47  Baneling  
  145  8:48  Drone x3  
  145  8:50  Overlord  
  145  8:55  Mutalisk  
  148  8:58  Zergling x12  
  148  9:02  Extractor  
  154  9:08  Baneling x4  
  155  9:10  Zergling x14  
  155  9:11  Overseer  
  155  9:13  Hatchery  
  155  9:14  Baneling x7  
  153  9:25  Mutalisk x2  
  153  9:27  Zergling x2  
  153  9:28  Zergling x18  
  153  9:30  Spore Crawler  
  159  9:34  Overseer  
  159  9:40  Zergling x18  
  159  9:43  Overlord x2  
  168  9:45  Overlord  
  168  9:47  Zerg Melee Weapons Level 2  
  168  9:52  Overlord, Zerg Ground Armor Level 2  
  166  9:57  Mutalisk x2  
  167  10:03  Mutalisk  
  167  10:06  Drone x5  
  174  10:08  Zergling x10  
  179  10:17  Mutalisk x2  
  181  10:23  Mutalisk  
  181  10:26  Queen  
  183  10:29  Drone x3  
  183  10:32  Infestation Pit  
  185  10:35  Spore Crawler  
  185  10:36  Baneling  
  185  10:37  Baneling x3  
  185  10:41  Zerg Flyer Weapons Level 2  
  184  10:43  Zergling x28  
  184  10:45  Overlord  
  197  10:57  Drone x3  
  197  11:03  Baneling x10  
  199  11:05  Overlord  
  199  11:10  Hive  
  199  11:19  Baneling  
  199  11:20  Baneling x11  
  187  11:37  Extractor  
  187  11:38  Hatchery  
  181  11:40  Zergling x6, Drone  
  181  11:41  Zergling x30  
  181  11:45  Baneling x10  
  198  11:50  Baneling x3  
  197  11:54  Drone x3  
  195  12:03  Mutalisk x2  
  198  12:15  Extractor  
  197  12:23  Zerg Ground Armor Level 3  
  197  12:25  Adrenal Glands  
  197  12:31  Extractor  
  197  12:32  Drone x3  
  199  12:37  Zerg Melee Weapons Level 3  
  199  12:40  Baneling  
  199  12:41  Hatchery  
  199  12:43  Baneling x3  
  198  12:49  Zergling x6  
  199  12:53  Baneling x6  
  199  12:58  Zerg Flyer Armor Level 1  
  192  13:05  Zergling x28  
  170  13:06  Zergling x28  
  170  13:08  Zergling x2  
  170  13:09  Zergling x22  
  170  13:12  Baneling x2  
  185  13:13  Mutalisk x2  
  185  13:15  Baneling x6  
  189  13:22  Baneling x3  
  189  13:23  Zergling x14  
  196  13:28  Baneling x5  
  196  13:29  Baneling x2  
  197  13:34  Drone x3  
  197  13:36  Baneling  
  197  13:37  Baneling x4  
  198  13:55  Zergling x14  
  199  13:57  Baneling, Overseer  
  199  13:59  Baneling x14  
  199  14:02  Baneling x2  
  195  14:09  Zergling x36  
  199  14:10  Zergling x2  
  199  14:14  Zergling x8, Baneling x6  
  198  14:20  Zergling x28  
  188  14:26  Zergling x12  
  188  14:27  Zergling x12  
  188  14:30  Baneling  
  188  14:31  Baneling x3  
  188  14:32  Baneling x8  
  188  14:35  Zergling x12  
  188  14:36  Baneling x6  
  173  14:49  Zergling x20  
  183  14:53  Ultralisk Cavern  
  183  14:59  Mutalisk  
  171  15:00  Mutalisk x2  
  171  15:01  Drone x3  
  171  15:02  Drone x3  
  183  15:08  Zergling x12  
  183  15:10  Overseer  
  189  15:15  Extractor  
  189  15:16  Spore Crawler  
  189  15:19  Zergling x4  
  189  15:20  Zergling x16  
  197  15:24  Baneling x17  
  197  15:28  Drone x2  
  199  15:40  Hatchery  
  199  15:41  Zergling x4  
  199  15:42  Chitinous Plating  
  200  15:46  Baneling x3  
  200  15:47  Baneling x2  
  197  15:59  Baneling x5  
  197  16:00  Baneling x7  
  197  16:06  Zergling x4  
  194  16:19  Baneling x15  
  194  16:22  Unknown  
  194  16:24  Zergling x16  
  199  16:29  Zergling x30  
  193  16:37  Baneling x5  
  191  16:46  Zergling x20, Ultralisk x2  
  191  16:47  Zergling x22  
  186  16:53  Baneling  
  186  16:54  Zergling x8, Baneling x5  
  179  16:55  Overseer  
  179  16:59  Baneling x6  
  179  17:00  Baneling x2  
  179  17:01  Anabolic Synthesis  
  183  17:07  Zergling x6  
  183  17:08  Zergling x14  
  184  17:17  Ultralisk  
  184  17:18  Ultralisk  
  193  17:24  Zergling x20  
  193  17:29  Extractor  
  182  17:36  Zergling x24  
  188  17:42  Overlord x2  
  188  17:43  Mutalisk x3  
  188  17:44  Mutalisk x2  
  181  17:46  Overseer  
  181  17:47  Baneling x7  
  181  17:49  Baneling  
  188  17:56  Zergling x14  
  175  17:58  Baneling  
  175  17:59  Baneling x5  
  175  18:06  Drone x3  
  175  18:07  Mutalisk  
  175  18:12  Zerg Flyer Weapons Level 3  
  180  18:13  Hatchery  
  180  18:15  Drone  
  180  18:16  Drone  
  180  18:19  Baneling x2  
  181  18:20  Overseer, Baneling x3  
  181  18:25  Zergling x22  
  192  18:29  Baneling x3  
  192  18:41  Zergling x30  
  197  18:59  Baneling x3  
  197  19:00  Baneling  
  190  19:03  Zergling x8, Ultralisk  
  190  19:09  Zergling x14  
  191  19:10  Zergling x20  
  191  19:11  Baneling  
  191  19:13  Baneling x8  
  191  19:15  Zergling x8  
  192  19:20  Overlord  
  188  19:25  Baneling x5  
  188  19:26  Zergling x10  
  188  19:28  Overlord  
  193  19:34  Baneling x8  
  193  19:39  Mutalisk x3  
  184  19:47  Hatchery  
  184  19:49  Zergling x30  
  176  20:01  Zergling x2  
  176  20:02  Zergling x22  
  180  20:07  Overseer, Baneling x8  
  180  20:16  Zergling x24  
  180  20:21  Baneling x9  
  175  20:26  Zergling x2  
  175  20:27  Zergling x12  
  176  20:28  Baneling  
  176  20:40  Mutalisk x4  
  176  20:41  Mutalisk x2  
  188  20:44  Zergling x12  
  194  20:50  Zergling x12  
  198  21:02  Overseer  
  198  21:03  Mutalisk  
  200  21:17  Hatchery, Baneling  
  200  21:18  Baneling x7  
  192  21:28  Baneling x3  
  192  21:31  Zergling x2  
  192  21:32  Zergling x40  
  189  21:45  Zergling x12  
  192  21:49  Zergling x4, Drone  
  192  21:52  Zergling x12  
  193  22:05  Hatchery  
  193  22:06  Overlord  
  193  22:07  Overlord  
  186  22:09  Overlord  
  186  22:11  Overlord  
  186  22:12  Zergling x12  
  191  22:17  Baneling  
  191  22:18  Baneling x6  
  159  22:38  Zergling x2  
  159  22:39  Zergling x28  
  163  22:52  Zergling x4  
  163  22:53  Zergling x6  
  167  23:01  Baneling  
  167  23:02  Baneling x6  
  167  23:03  Drone x3  
  170  23:07  Queen x5  
  170  23:09  Zergling x10  
  170  23:11  Overseer, Baneling x3  
  185  23:14  Zergling x6, Ultralisk x2  
  185  23:16  Overseer  
  200  23:26  Hatchery  
  200  23:27  Zergling x2  
  200  23:40  Baneling x9  
  200  23:44  Baneling  
  168  24:05  Zergling x2  
  168  24:06  Zergling x34  
  154  24:19  Zergling x10, Ultralisk  
  154  24:21  Extractor  
  164  24:25  Baneling  
  164  24:30  Zergling x18  
  173  24:34  Baneling  
  173  24:44  Zergling x4  
  173  24:45  Zergling x22  
  186  24:50  Baneling  
  186  24:51  Extractor  
  183  24:57  Drone x4  
  183  24:58  Drone x2  
  183  25:07  Zergling x18  
  183  25:11  Hatchery  
  183  25:12  Hatchery  
  182  25:18  Overlord  
  182  25:19  Zergling x22  
  185  25:21  Baneling x8  
  185  25:25  Zergling x6  
  181  25:30  Zergling x6  
  181  25:33  Zergling x2  
  181  25:34  Zergling x2  
  181  25:40  Extractor  
  181  25:41  Zergling x14, Extractor, Ultralisk  
  192  25:44  Overseer  
  192  25:46  Zergling x6  
  193  25:55  Zergling x12  
  182  26:00  Zergling x20  
  184  26:04  Overseer  
  184  26:09  Corruptor x2  
  188  26:13  Drone x3  
  188  26:14  Drone  
  188  26:17  Extractor  
  191  26:20  Baneling x6  
  191  26:25  Zergling x24  
  182  26:33  Baneling x8  
  182  26:34  Zergling x12  
  180  26:45  Zergling x12  
  183  26:58  Zergling x14  
  183  26:59  Zergling x2  
  144  27:04  Baneling x5  
  144  27:06  Baneling  
  144  27:07  Baneling x2  
  142  27:11  Zergling x6  
  142  27:17  Zergling x8  
  142  27:20  Baneling x3  
  146  27:28  Overseer  
  146  27:30  Infestor  
  146  27:31  Infestor  
  146  27:33  Burrow  
  149  27:37  Zergling x6  
  151  27:51  Overseer  
  151  27:58  Ultralisk  
  157  28:02  Hatchery  
  156  28:13  Ultralisk  
  162  28:22  Overlord  
  162  28:25  Ultralisk  
  168  28:27  Baneling x3, Overseer  
  168  28:29  Zergling x2  
  169  28:37  Ultralisk  
  175  28:42  Infestor  
  175  28:43  Infestor  
  179  28:48  Baneling  
  179  28:51  Corruptor  
  179  28:52  Ultralisk  
  185  29:09  Baneling x2  
  185  29:10  Baneling x3  
  185  29:13  Overlord  
  185  29:18  Zergling x2  
  185  29:19  Zergling x16  
  185  29:22  Drone x2  
  185  29:24  Infestor x2  
  193  29:34  Spore Crawler  
  193  29:36  Spore Crawler  
  193  29:37  Spore Crawler  
  178  29:57  Zergling x2, Ultralisk  
  178  29:58  Zergling x24  
  180  30:07  Zergling x2  
  180  30:08  Zergling x8  
  185  30:28  Infestor  
  187  30:36  Infestor x2, Hatchery  
  190  30:48  Baneling x6  
  190  30:49  Baneling x2  
  189  30:59  Baneling x2  
  186  31:17  Infestor x3  
  184  31:29  Mutalisk x8  
  199  31:36  Drone  
  188  31:44  Mutalisk x2  
  184  32:05  Mutalisk x3  
  184  32:08  Overseer  
  189  32:20  Zergling x16  
  190  32:36  Infestor x2  
  195  32:37  Zergling x2  
  195  32:45  Overseer  
  195  32:56  Unknown  
  194  33:00  Drone  
  190  33:06  Mutalisk x3  
  196  33:18  Overseer  
  188  33:44  Mutalisk  
  188  33:45  Mutalisk  
  188  33:46  Mutalisk  
  188  33:47  Overseer  
  188  33:48  Overlord x3  
  184  33:50  Mutalisk x2  
  188  34:08  Mutalisk  
  188  34:09  Mutalisk x8  
  200  34:33  Hatchery  
  193  34:38  Mutalisk x2  
  193  34:39  Mutalisk  
  186  34:55  Mutalisk x4  
  194  35:11  Mutalisk x2  
  195  35:57  Overlord  
  195  36:01  Mutalisk  
  194  36:11  Mutalisk x5  
  152  37:05  Zergling x24  
  152  37:06  Zergling x2  
  147  37:15  Zergling x6  
  96  37:35  Overseer  
  90  37:42  Mutalisk x3  
  96  38:01  Mutalisk  
  96  38:02  Mutalisk x2  
  102  38:16  Baneling x3  
  102  38:18  Zergling x4  
  104  38:33  Zergling x8  
  100  38:46  Infestor x2  
  104  38:52  Baneling  
  104  38:53  Baneling x2  
  104  39:07  Zergling x6  
  104  39:08  Zergling x2  
  108  39:20  Mutalisk  
  110  39:29  Zergling x6  
  113  39:45  Zergling x8  
  117  40:18  Zergling x6  
  117  40:19  Zergling x8  
  124  40:45  Mutalisk x3  
  118  41:06  Mutalisk x2  
Tags
 
Add a new tag
Caveats
  • Supply blocks, unpowered buildings, or Contaminate may cause inaccurate times.
  • Supply counts are checked every 10 seconds.